 Dungeon Crawl Stone Soup version 0.16-a0-3667-g690a316 (webtiles) character file.

7164 catbreads the Grappler (level 10, -5/80 (86) HPs)
             Began as a Bearkin Monk on May 11, 2015.
             Slain by a komodo dragon (17 damage)
             ... on level 10 of the Dungeon.
             The game lasted 00:33:03 (12684 turns).

catbreads the Grappler (Bearkin Monk)              Turns: 12684, Time: 00:33:03

HP:   -5/80 (86)    AC: 10    Str: 21    XL:     10   Next: 86%
MP:   10/10         EV: 24    Int: 17    God:
Gold: 323           SH:  6    Dex: 16    Spells: 0 memorised, 9 levels left

rFire  . . .     SeeInvis .     C - +5 trident "Newtbane" {flame, rElec rPois+ rC- Str+4 Int+3}
rCold  x . .     Clarity  +     a - +0 robe
rNeg   . . .     SustAb   .     v - +0 buckler (curse)
rPois  +         Gourm    .     i - +2 helmet of Xodyfim {Int+4}
rElec  +         Spirit   .     (no cloak)
rCorr  .         Warding  .     h - +1 pair of gloves
rMut   .         Stasis   .     (no boots)
MR     .....                    D - amulet of clarity
Stlth  ++........               u - +3 ring of evasion
                                c - +4 ring of evasion

@: not resistant to hostile enchantments, unstealthy
A: claws 2, icy blue scales 1, robust 1, shaggy fur 2, hind claws 2, cornered
berserk, placid magic 1
a: Cornered Berserk


You were on level 10 of the Dungeon.
You were not hungry.

You visited 1 branch of the dungeon, and saw 10 of its levels.

You collected 522 gold pieces.
You spent 199 gold pieces at shops.

Inventory:

Hand weapons
 C - the +5 trident "Newtbane" (weapon) {flame, rElec rPois+ rC- Str+4 Int+3}
   (You found it on level 8 of the Dungeon)

   It emits flame when wielded, causing extra injury to most foes and up to half
   again as much damage against particularly susceptible opponents.
   It affects your strength (+4).
   It affects your intelligence (+3).
   It makes you vulnerable to cold.
   It insulates you from electricity.
   It protects you from poison.
Armour
 a - a +0 robe (worn)
 h - a +1 pair of gloves (worn)
 i - the +2 helmet of Xodyfim (worn) {Int+4}
   (You bought it in a shop on level 4 of the Dungeon)

   It affects your intelligence (+4).
 v - a cursed +0 buckler (worn)
Jewellery
 c - a +4 ring of evasion (left hand)
 j - an uncursed ring of magical power
 m - an uncursed ring of see invisible
 r - an uncursed ring of protection from magic
 u - a +3 ring of evasion (right hand)
 z - an uncursed amulet of warding
 D - an amulet of clarity (around neck)
Magical devices
 e - a wand of hasting (0)
 o - a wand of lightning (0)
 y - a wand of frost (22)
 A - a wand of digging (13)
 G - a wand of invisibility (6)
Scrolls
 d - 5 scrolls of remove curse
 f - 2 scrolls of amnesia
 n - 2 scrolls of teleportation
 t - 3 scrolls of fear
 B - a scroll of summoning {unknown}
Potions
 l - 4 potions of berserk rage
 s - a potion of resistance
 w - 3 potions of agility {unknown}
 x - a potion of cancellation
 H - a potion of restore abilities
Comestibles
 b - 7 bread rations
 g - 2 meat rations
 k - 11 royal jellies
 p - 7 slices of pizza


   Skills:
 + Level 7.6 Fighting
 * Level 4.9 Polearms
 + Level 7.7 Dodging
 - Level 1.5 Stealth
 * Level 6.3 Shields
 - Level 8.3 Unarmed Combat


You had 9 spell levels left.
You didn't know any spells.

Dungeon Overview and Level Annotations

Branches:
Dungeon (10/15)            Temple (0/1) D:5
   Lair: D:8-11         Orc: D:9-12

Altars:
Ashenzari
Kikubaaqudgha
Okawaru
Ru
Trog
Xom
Yredelemnul

Shops:
D:4 [

Annotations:
D:7 Joseph
D:10 Maurice


Innate Abilities, Weirdness & Mutations

You have very sharp fingernails.
You are robust (+10% HP).
You are covered in thick fur (AC +2).
Your hind legs have sharp claws.
You can berserk when greatly wounded.
You are partially covered in icy blue scales (AC +1).
Your spells are a little easier to cast, but a little less powerful.


Message History

The komodo dragon is severely wounded.
The komodo dragon bites you.
You hit the komodo dragon. You burn the komodo dragon.
Your hind claws misses the komodo dragon.
The komodo dragon is almost dead.
The komodo dragon bites you!!
You hit the komodo dragon. You burn the komodo dragon.
You claw the komodo dragon, but do no damage.
The komodo dragon is almost dead.
The komodo dragon bites you!!
* * * LOW HITPOINT WARNING * * *
You are too injured to fight recklessly!
You are too injured to fight recklessly!
Drink which item? (? for menu, Esc to quit)
Okay, then.
You barely miss the komodo dragon.
Your hind claws misses the komodo dragon.
The komodo dragon is almost dead.
The komodo dragon bites you!
You die...

#+####.......#....#..............
.............#....#..............
######.......#....#..............
.....#.......#....#.......######.
.....#.......######.[.....# #.
)....#..................### #.
....##..................# #.
)...'...................# ##
#####..........l@.......#########
...........########..............
...........# #..............
...........# #..#######.###.
...........# #..# #..##.
...........# #..# ......
..........## #..# 8.8....
..........# #..# ........
..........# #.. .8......


You could see a komodo dragon.

Vanquished Creatures
  An ugly thing (D:10)
  A troll (D:10)
  A two-headed ogre (D:9)
  Prince Ribbit (D:7)
  A queen bee (D:9)
  A deep elf mage (D:9)
  A trapdoor spider zombie (D:9)
  A wyvern (D:10)
  A hog (D:7)
  6 yaks
  A human (D:7)
  A hungry ghost (D:4)
  A water moccasin (D:5)
  A black bear (D:8)
  2 ice beasts
  An eye of draining (D:9)
  3 ogres
  A necrophage (D:8)
  2 centaurs
  A crocodile (D:9)
  An orc warrior (D:7)
  3 giant frogs
  A gnoll sergeant (D:6)
  2 big kobolds
  3 scorpions
  19 killer bees (D:9)
  The ghost of epiphnayx99 the Ruffian, a weakling BeGl (D:3)
  A centaur zombie (D:4)
  3 jellies
  5 orc priests
  3 crimson imps
  2 iguanas
  A giant frog zombie (D:6)
  4 hounds
  A giant frog skeleton (D:9)
  5 orc wizards
  A killer bee zombie (D:7)
  14 worker ants
  2 sheep (D:7)
  Ijyb (D:6)
  A hound skeleton (D:9)
  5 worker ant zombies
  6 gnolls
  14 adders
  2 giant mites (D:4)
  3 shadow imps
  3 worms
  An adder zombie (D:8)
  An adder skeleton (D:9)
  12 giant geckos
  22 orcs
  A bat skeleton (D:4)
  A bat zombie (D:5)
  2 giant cockroaches
  12 hobgoblins
  8 jackals
  7 quokkas
  3 ball pythons
  12 bats
  A giant gecko skeleton (D:5)
  7 giant newts
  11 goblins
  18 kobolds
  A quokka zombie (D:5)
  13 rats
269 creatures vanquished.

Vanquished Creatures (others)
  An orc warrior (D:10)
  An orc wizard (D:7)
2 creatures vanquished.

Grand Total: 271 creatures vanquished

Notes
Turn   | Place    | Note
--------------------------------------------------------------
     0 | D:1      | catbreads, the Bearkin Monk, began the quest for the Orb.
     0 | D:1      | Reached XP level 1. HP: 18/18 MP: 1/1
   167 | D:1      | Reached XP level 2. HP: 24/24 MP: 2/2
   668 | D:2      | Reached XP level 3. HP: 29/29 MP: 3/3
  1293 | D:3      | Noticed epiphnayx99's ghost (weakling BeGl)
  1605 | D:3      | Gained mutation: You have very sharp fingernails. [bearkin transformation]
  1605 | D:3      | Reached XP level 4. HP: 35/35 MP: 4/4
  1625 | D:3      | Found an ancient bone altar of Kikubaaqudgha.
  1728 | D:3      | Reached skill level 5 in Unarmed Combat
  1899 | D:3      | Killed epiphnayx99's ghost
  2271 | D:4      | Noticed an ice beast
  2284 | D:3      | Killed an ice beast
  2284 | D:3      | Reached XP level 5. HP: 19/42 MP: 5/5
  2564 | D:4      | Gained mutation: You are covered in thick fur (AC +2). [bearkin transformation]
  2564 | D:4      | Reached XP level 6. HP: 33/48 MP: 6/6
  2960 | D:4      | Reached skill level 6 in Unarmed Combat
  3288 | D:4      | Noticed a hungry ghost
  3529 | D:4      | Killed a hungry ghost
  3529 | D:4      | Reached XP level 7. HP: 52/54 MP: 7/7
  3562 | D:4      | Found Clajug's Antique Armour Boutique.
  3569 | D:4      | Bought an encrusted helmet for 199 gold pieces
  3574 | D:4      | Identified the +2 helmet of Xodyfim {Int+4} (You bought it in a shop on level 4 of the Dungeon)
  4021 | D:5      | Entered Level 5 of the Dungeon
  4329 | D:5      | Found a bloodstained altar of Trog.
  4446 | D:5      | Found a shattered altar of Ashenzari.
  4767 | D:5      | Reached skill level 5 in Dodging
  5104 | D:5      | Found a staircase to the Ecumenical Temple.
  5307 | D:5      | Reached skill level 7 in Unarmed Combat
  5494 | D:6      | Gained mutation: Your hind legs have sharp claws. [bearkin transformation]
  5494 | D:6      | Reached XP level 8. HP: 52/61 MP: 8/8
  5879 | D:6      | Noticed Ijyb
  5887 | D:6      | Killed Ijyb
  6018 | D:7      | Found a basalt altar of Yredelemnul.
  6042 | D:7      | Reached skill level 1 in Shields
  6049 | D:7      | Gained mutation: You are partially covered in icy blue scales (AC +1). [potion of mutation]
  6049 | D:7      | Gained mutation: Your spells are a little easier to cast, but a little less powerful. [potion of mutation]
  6083 | D:6      | Reached skill level 5 in Fighting
  6863 | D:7      | Noticed Joseph
  7250 | D:7      | Gained mutation: You are robust (+10% HP). [bearkin transformation]
  7250 | D:7      | Reached XP level 9. HP: 23/75 MP: 9/9
  7440 | D:7      | Noticed Prince Ribbit
  7921 | D:7      | Killed Prince Ribbit
  7921 | D:7      | Reached skill level 8 in Unarmed Combat
  9313 | D:8      | Got a polished trident
  9314 | D:8      | Identified the +5 trident "Newtbane" {flame, rElec rPois+ rC- Str+4 Int+3} (You found it on level 8 of the Dungeon)
  9731 | D:9      | Reached skill level 1 in Polearms
  9908 | D:9      | Reached XP level 10. HP: 29/78 MP: 10/10
  9928 | D:9      | Reached skill level 5 in Shields
 10155 | D:9      | Found an iron altar of Okawaru.
 10155 | D:9      | Found a shimmering altar of Xom.
 10567 | D:9      | Found a sacrificial altar of Ru.
 11872 | D:10     | Entered Level 10 of the Dungeon
 12287 | D:10     | Noticed a green ugly thing
 12302 | D:10     | Killed a green ugly thing
 12608 | D:10     | Noticed Maurice
 12684 | D:10     | Slain by a komodo dragon

Action                   |  1- 3 |  4- 6 |  7- 9 | 10-12 || total
-------------------------+-------+-------+-------+-------++-------
Melee: Unarmed           |    68 |   155 |   658 |       ||   881
       Trident           |       |       |    50 |   314 ||   364
Evoke: Wand              |       |       |     2 |     7 ||     9
  Use: Potion            |     3 |     2 |    10 |     3 ||    18
       Scroll            |     3 |     2 |    10 |       ||    15
 Stab: Sleeping          |     3 |     4 |     8 |     3 ||    18
       Distracted        |       |       |       |     2 ||     2
  Eat: Chunk             |     2 |     6 |    10 |     7 ||    25
       Meat ration       |       |       |     1 |       ||     1
       Bread ration      |       |       |     1 |       ||     1
       Fruit             |       |       |     2 |       ||     2
       Beef jerky        |       |       |     1 |     1 ||     2
       Royal jelly       |       |       |       |     1 ||     1
